 Dungeon Crawl Stone Soup version 0.29.0-10-g45618ea6d2 (webtiles) character file.

Game seed: 3721689514031714581

34 Iusername the Trooper (level 3, 0/30 HPs)
             Began as a Merfolk Fighter on Sept 1, 2022.
             Slain by an ogre
             ... wielding a +0 giant club
              (26 damage)
             ... on level 2 of the Dungeon.
             The game lasted 00:02:19 (1573 turns).

Iusername the Trooper (Merfolk Fighter)             Turns: 1573, Time: 00:02:19

Health: 0/30       AC:  6    Str: 16    XL:     3   Next: 31%
Magic:  3/3        EV: 13    Int:  9    God:
Gold:   72         SH:  4    Dex: 13    Spells: 2/2 levels left

rFire   . . .      SeeInvis .   a - +0 trident
rCold   . . .      Faith    .   c - +0 buckler
rNeg    . . .      Spirit   .   b - +0 scale mail
rPois   .          Reflect  .   (no helmet)
rElec   .          Harm     .   (no cloak)
rCorr   .          Rampage  .   (no gloves)
Will    .....                   (no boots)
Stlth   ..........              (no amulet)
HPRegen 0.10/turn               e - +4 ring of evasion
MPRegen 0.08/turn               (no ring)

@: no status effects
A: (nimble swimmer 2), mertail
a: no special abilities


You were on level 2 of the Dungeon.
You visited 1 branch of the dungeon, and saw 2 of its levels.

You collected 72 gold pieces.

Inventory:

Hand Weapons
 a - a +0 trident (weapon)
Armour
 b - a +0 scale mail (worn)
 c - a +0 buckler (worn)
Jewellery
 e - a +4 ring of evasion (left hand)
Scrolls
 g - a scroll of immolation {unknown}
 h - 2 scrolls of vulnerability {unknown}
 j - a scroll of identify {unknown}
 l - a scroll of teleportation {unknown}
Potions
 d - a potion of might
 f - a potion of magic {unknown}
 i - a potion of brilliance {unknown}
 k - a potion of attraction {unknown}
 m - a potion of lignification {unknown}


   Skills:
 + Level 3.7 Fighting
 + Level 3.2 Polearms
 + Level 2.5 Armour
 + Level 0.5 Dodging
 + Level 3.2 Shields


You had 2 spell levels left.
You didn't know any spells.
Your spell library was empty.

Dungeon Overview and Level Annotations

Branches:
Dungeon (2/15)

Altars:

Shops:
D:1 ?((*


Innate Abilities, Weirdness & Mutations

((You are very nimble when in or above water. (Stealth+, EV+, Speed+++)))
Your lower body shifts to a powerful aquatic tail in water.


Message History

You hit the ball python.
The ball python is heavily wounded.
The ball python misses you. The ball python grabs you.
The ball python constricts you.
You closely miss the ball python.
The ball python is heavily wounded.
The ball python barely misses you. The ball python constricts you.
The ball python completely misses you. The ball python constricts you.
You puncture the ball python!
You kill the ball python!
No target in view!
No target in view!
No target in view!
No target in view!
HP restored.
You see here a ball python corpse.
A goblin comes into view. It is wielding a +0 club.
The goblin shouts!
You hear a shout!
You reach to attack!
You barely miss the goblin. You closely miss the goblin.
The goblin hits you but does no damage. The goblin closely misses you.
An ogre comes into view. It is wielding a +0 giant club.
You puncture the goblin!
You kill the goblin!
You see here a +0 club.
You reach to attack!
You barely miss the ogre. You hit the ogre but do no damage.
The ogre hits you with a +0 giant club.
You hit the ogre.
The ogre is lightly wounded.
The ogre barely misses you.
You hit the ogre.
The ogre is moderately wounded.
The ogre closely misses you.
You hit the ogre.
The ogre is moderately wounded.
You puncture the ogre!
The ogre is severely wounded.
The ogre hits you with a +0 giant club!!
Ouch! That really hurt!
You die...

...##.......†........
.........††.†<.......
..##..#.#####.##.....
##.#.# ..# ... #...#
#.## . ..#####.###..
#....##...#.###
#...).......
####@#......
#O#...... #........
......... #........
...#..... .......
.... ...


You could see an ogre.

Vanquished Creatures
  A dart slug (D:1)
  6 ball pythons
  2 bats (D:1)
  An endoplasm (D:2)
  4 giant cockroaches (D:1)
  A hobgoblin (D:2)
  3 jackals (D:1)
  A quokka (D:1)
  3 frilled lizards
  2 goblins
  7 rats (D:1)
31 creatures vanquished.

Vanquished Creatures (others)
  A ball python (D:1)
  A bat (D:1)
2 creatures vanquished.

Grand Total: 33 creatures vanquished

Notes
Turn   | Place    | Note
-------+----------+-------------------------------------------
     0 | D:1      | Iusername the Merfolk Fighter began the quest for the Orb.
     0 | D:1      | Reached XP level 1. HP: 18/18 MP: 1/1
    87 | D:1      | Found Xauraegu's General Store.
   123 | D:1      | Found Jeucim's Weapon Emporium.
   146 | D:1      | Reached XP level 2. HP: 17/24 MP: 2/2
   680 | D:1      | Found Qyimmat's Magic Scroll Shop.
   691 | D:1      | Found Fihigel's Weapon Boutique.
   859 | D:1      | Reached XP level 3. HP: 30/30 MP: 3/3
  1564 | D:2      | Noticed an ogre
  1573 | D:2      | Slain by an ogre

Illustrated notes

Levels and vault maps discovered:
D:1:      sevenhm_arrival_forest_fort_large_2, layout_loops_ring, serial_shops,
          shop, nicolae_shop_bloodbath_and_beyond, shop, shop,
          lemuel_flame_loot_1
D:2:      layout_rooms

Skill      XL: |  1  2 |
---------------+-------+-----
Polearms       | 3 |  3.2
Fighting       | |  3.7
Armour         | |  2.5
Dodging        | |  0.5
Shields        | |  3.2

Action                   || total
-------------------------++-------
Melee: Trident           ||   105
Armor: Scale mail        ||    28
Dodge: Dodged            ||    48
Block: Buckler           ||    19
